 Dungeon Crawl Stone Soup version 0.19-a0-1899-g2d93087 (webtiles) character file.

7175 Kidiri the Thaumaturge (level 10, -1/56 HPs)
             Began as a Deep Elf Fire Elementalist on Oct 19, 2016.
             Was a Believer of Vehumet.
             Slain by a spiny frog (9 damage)
             ... on level 1 of the Lair of Beasts.
             The game lasted 00:29:35 (11842 turns).

Kidiri the Thaumaturge (DEFE)                      Turns: 11842, Time: 00:29:36

Health: -1/56      AC:  5    Str:  3    XL:     10   Next: 86%
Magic:  6/27       EV: 14    Int: 24    God:    Vehumet [**....]
Gold:   315        SH:  0    Dex: 15    Spells: 9 memorised, 8 levels left

rFire  . . .     SeeInvis .     y - +1 short sword (flame)
rCold  . . .     Gourm    .     m - +0 leather armour
rNeg   . . .     Faith    .     (no shield)
rPois  +         Spirit   .     x - +1 hat
rElec  .         Reflect  .     (no cloak)
rCorr  .         Harm     .     (no gloves)
MR     +++..                    l - +0 pair of boots
Stlth  ++........               (no amulet)
                                (no ring)
                                s - ring "Vustris" {rPois MR+}

@: no status effects
A: blurry vision 1, magic resistance 1, regeneration 1, weak 1, no device heal 1
a: Renounce Religion


You were on level 1 of the Lair of Beasts.
You worshipped Vehumet.
Vehumet was pleased with you.
You were not hungry.

You visited 3 branches of the dungeon, and saw 11 of its levels.

You collected 411 gold pieces.
You spent 96 gold pieces at shops.

Inventory:

Hand Weapons
 y - a +1 short sword of flaming (weapon)
Armour
 l - a +0 pair of boots (worn)
 m - a +0 leather armour (worn)
 x - a +1 hat (worn)
Jewellery
 s - the ring "Vustris" (left hand) {rPois MR+}
   (You found it on level 4 of the Dungeon)

   [ring of protection from magic]

   It protects you from poison.
   It affects your resistance to hostile enchantments.
Wands
 e - a wand of polymorph (17/24)
 p - a wand of lightning (9/15)
Scrolls
 f - a scroll of recharging
 i - 4 scrolls of teleportation
 j - 2 scrolls of fog
 k - 3 scrolls of fear
 z - a scroll of amnesia
Potions
 d - a potion of brilliance
 g - a potion of invisibility
 h - 2 potions of resistance
 n - a potion of flight
 r - a potion of lignification
 t - 2 potions of berserk rage
 u - 3 potions of might
 v - 2 potions of agility
 w - 2 potions of degeneration {unknown}
 A - a potion of magic {unknown}
Books
 B - a book of Minor Magic

   Spells                             Type                      Level
   a - Magic Dart                     Conjuration                  1
   b - Blink                          Translocation                2
   c - Call Imp                       Summoning                    2
   d - Repel Missiles                 Charms/Air                   2
   e - Slow                           Hexes                        2
   f - Conjure Flame                  Conjuration/Fire             3
   g - Mephitic Cloud                 Conjuration/Poison/Air       3
Comestibles
 a - a slice of pizza
 b - 6 chunks of flesh
 c - 6 bread rations
 q - 7 beef jerkies


   Skills:
 + Level 3.8 Fighting
 + Level 4.0 Short Blades
 + Level 3.7 Armour
 + Level 5.9 Dodging
 - Level 2.4 Stealth
 * Level 11.8 Spellcasting
 + Level 6.9 Conjurations
 + Level 7.3 Fire Magic
 + Level 3.8 Air Magic
 + Level 0.4 Poison Magic
 + Level 5.1 Evocations


You had 8 spell levels left.
You knew the following spells:

 Your Spells              Type           Power        Failure   Level  Hunger
a - Flame Tongue          Conj/Fire      #####        1%          1    None
b - Throw Flame           Conj/Fire      #####.       1%          2    None
c - Conjure Flame         Conj/Fire      #####...     1%          3    None
d - Inner Flame           Hex/Fire       ####....     6%          3    None
e - Sticky Flame          Conj/Fire      #####...     4%          4    None
f - Fireball              Conj/Fire      #####.....   14%         5    ###....
g - Shock                 Conj/Air       ####         1%          1    None
h - Repel Missiles        Chrm/Air       ###...       8%          2    None
i - Mephitic Cloud        Conj/Pois/Air  ####....     6%          3    None


Dungeon Overview and Level Annotations

Branches:
Dungeon (8/15)             Temple (1/1) D:4            Lair (2/6) D:8
  Swamp: Lair:2-4    Shoals: Lair:2-4     Snake: Lair:2-4    Spider: Lair:2-4

Altars:
Ashenzari
Cheibriados
Dithmenos
Elyvilon
Fedhas
Gozag
Hepliaklqana
Kikubaaqudgha
Makhleb
Nemelex Xobeh
Okawaru
Qazlal
Ru
Sif Muna
Trog
Uskayaw
Vehumet
Xom
Yredelemnul
Zin
The Shining One

Shops:
D:6 *}?%   D:7 %


Innate Abilities, Weirdness & Mutations

Scrolls take you a little longer to read.
You are resistant to hostile enchantments. (MR+)
Your natural rate of healing is unusually fast.
You are weak. (Str -2)
Potions and wands are less effective at restoring your health.


Message History

Unknown command.
The spiny frog burns!
The spiny frog stings you but does no damage.
Unknown command.
The spiny frog burns!
You kill the spiny frog!
Vehumet accepts your kill.
Okay, then.
Casting: Sticky Flame
Confirm with . or Enter, or press ? or * to list all spells.
Aiming: Sticky Flame
Press: ? - help, Shift-Dir - straight line, f - spiny frog
Aim: a spiny frog The sticky flame hits the spiny frog.
The spiny frog is lightly wounded.
The spiny frog is covered in liquid flames!
The spiny frog burns!
The spiny frog closely misses you.
Unknown command.
The spiny frog burns!
The spiny frog stings you!
You die...

#..### ##.# ##.## #P..#
##.## #.# ###
####.###.### #..........#
### #......@F..# ###.P##
#.........Y#######......
#.........[...†.....#####
#P..........###.#.##.#
##..........# ##### ##
##..#.##.### ####...##
###. #.


You could see a yak and a spiny frog (burning).

Vanquished Creatures
  Nergalle (Lair:1)
  A hill giant (D:8)
  Psyche (D:8)
  A spiny frog (Lair:1)
  2 komodo dragons (Lair:1)
  2 hippogriffs
  Grinder (D:3)
  A wyvern (D:8)
  3 yaks (Lair:1)
  A hungry ghost (D:7)
  Menkaure (D:6)
  Edmund (D:4)
  A porcupine (Lair:1)
  An orc warrior (D:7)
  5 ogres
  2 ice beasts (D:8)
  2 sky beasts
  A phantom (D:7)
  3 centaurs
  2 crocodiles (Lair:1)
  5 bullfrogs
  A water moccasin skeleton (D:5)
  2 scorpions
  3 wights (D:7)
  2 centaur zombies
  2 bullfrog zombies
  A quasit (D:6)
  5 hounds
  3 orc priests
  2 orc wizards (D:5)
  A gnoll shaman (D:7)
  A jelly (D:8)
  A bullfrog skeleton (D:7)
  Terence (D:3)
  3 iguanas
  5 worker ants
  2 hound zombies
  A hound skeleton (D:6)
  4 worker ant zombies
  14 gnolls
  9 adders
  A shadow imp (D:5)
  2 oozes
  3 adder skeletons
  3 worms
  2 dart slugs
  2 leopard geckos
  18 orcs
  3 giant cockroaches
  10 hobgoblins
  8 jackals
  5 kobolds
  A quokka (D:2)
  A ball python (D:4)
  12 bats
  7 frilled lizards
  8 goblins
  A jackal skeleton (D:4)
  A leopard gecko zombie (D:5)
  A quokka skeleton (D:6)
  5 rats
195 creatures vanquished.

Notes
Turn   | Place    | Note
-------+----------+-------------------------------------------
     0 | D:1      | Kidiri the Deep Elf Fire Elementalist began the quest for the Orb.
     0 | D:1      | Reached XP level 1. HP: 10/10 MP: 6/6
   978 | D:2      | Reached XP level 2. HP: 13/15 MP: 2/8
   993 | D:2      | Learned a level 2 spell: Throw Flame
  1207 | D:2      | Reached skill level 4 in Spellcasting
  1300 | D:2      | Found a shattered altar of Ashenzari.
  1454 | D:2      | Reached XP level 3. HP: 16/19 MP: 6/10
  1459 | D:2      | Learned a level 3 spell: Conjure Flame
  1463 | D:2      | Learned a level 3 spell: Inner Flame
  2125 | D:2      | Gained mutation: You are weak. (Str -2) [potion of mutation]
  2125 | D:2      | Gained mutation: Your natural rate of healing is unusually fast. [potion of mutation]
  2125 | D:2      | Gained mutation: You have a pair of small horns on your head. [potion of mutation]
  2427 | D:2      | Reached XP level 4. HP: 24/24 MP: 7/12
  2460 | D:2      | Reached skill level 5 in Spellcasting
  2578 | D:3      | Learned a level 4 spell: Sticky Flame
  2592 | D:3      | Noticed Terence
  2600 | D:3      | Killed Terence
  2696 | D:3      | Noticed Grinder
  2697 | D:3      | Paralysed by Grinder for 5 turns
  2850 | D:3      | Killed Grinder
  2850 | D:3      | Reached skill level 6 in Spellcasting
  2850 | D:3      | Reached XP level 5. HP: 2/28 MP: 0/16
  2850 | D:3      | Reached XP level 6. HP: 3/32 MP: 0/17
  2860 | D:2      | Learned a level 5 spell: Fireball
  3577 | D:4      | Reached skill level 7 in Spellcasting
  3651 | D:4      | Reached skill level 5 in Fire Magic
  3842 | D:4      | Noticed Edmund
  3854 | D:4      | Killed Edmund
  3854 | D:4      | Reached XP level 7. HP: 36/36 MP: 6/20
  4107 | D:4      | Reached skill level 8 in Spellcasting
  4138 | D:4      | Found a staircase to the Ecumenical Temple.
  4143 | Temple   | Entered the Ecumenical Temple
  4149 | Temple   | Became a worshipper of Vehumet
  4409 | D:4      | Got a smoking amber ring
  4410 | D:4      | Identified the ring "Vustris" {rPois MR+} (You found it on level 4 of the Dungeon)
  4877 | D:5      | Entered Level 5 of the Dungeon
  5674 | D:5      | You fall through a shaft!
  5685 | D:6      | Reached skill level 1 in Short Blades
  5685 | D:6      | Reached skill level 1 in Evocations
  5740 | D:5      | Found a bloodstained altar of Trog.
  5750 | D:5      | Reached skill level 1 in Armour
  5750 | D:5      | Reached XP level 8. HP: 28/42 MP: 17/22
  6011 | D:5      | Found a hazy altar of Hepliaklqana.
  6018 | D:5      | Found an ancient bone altar of Kikubaaqudgha.
  6018 | D:5      | Found a shadowy altar of Dithmenos.
  6019 | D:5      | Found a basalt altar of Yredelemnul.
  6022 | D:5      | Reached skill level 9 in Spellcasting
  6023 | D:5      | Found a burning altar of Makhleb.
  6024 | D:5      | Found a deep blue altar of Sif Muna.
  6318 | D:6      | Reached skill level 1 in Fighting
  6658 | D:6      | Found Wesikked's Gadget Emporium.
  6660 | D:6      | Found Nubet's General Store.
  6660 | D:6      | Noticed Menkaure
  6663 | D:6      | Killed Menkaure
  6770 | D:6      | Found Isetiuc's Magic Scroll Boutique.
  6844 | D:6      | Found Voqoduen's Food Shop.
  6888 | D:6      | Reached skill level 5 in Conjurations
  6972 | D:6      | Reached * piety under Vehumet
  6972 | D:6      | Offered knowledge of Shock by Vehumet.
  6984 | D:6      | Learned a level 1 spell: Shock
  7517 | D:6      | Bought a scroll of identify for 28 gold pieces
  7517 | D:6      | Bought a scroll of teleportation for 42 gold pieces
  7601 | D:6      | Reached XP level 9. HP: 48/48 MP: 21/24
  7701 | D:6      | Bought a scroll of identify for 26 gold pieces
  7733 | D:6      | Reached skill level 10 in Spellcasting
  7890 | D:7      | Reached skill level 1 in Air Magic
  8094 | D:7      | Found a hide-covered altar of Uskayaw.
  8095 | D:7      | Found a snail-covered altar of Cheibriados.
  8236 | D:7      | Found Wuoxzidgh's Food Shoppe.
  9160 | D:8      | Offered knowledge of Searing Ray by Vehumet.
  9243 | D:8      | Reached ** piety under Vehumet
  9439 | D:8      | Reached skill level 5 in Dodging
  9912 | D:8      | Noticed Psyche
  9925 | D:8      | Killed Psyche
  9925 | D:8      | Reached skill level 11 in Spellcasting
  9925 | D:8      | Reached XP level 10. HP: 33/56 MP: 17/27
 10120 | D:8      | Noticed a hill giant
 10133 | D:8      | Killed a hill giant
 10201 | D:8      | Found a staircase to the Lair.
 11035 | D:8      | Gained mutation: Potions and wands are less effective at restoring your health. [mutagenic meat]
 11038 | D:8      | Lost mutation: You have a pair of small horns on your head. [mutagenic meat]
 11041 | D:8      | Gained mutation: You are resistant to hostile enchantments. (MR+) [mutagenic meat]
 11044 | D:8      | Gained mutation: Scrolls take you a little longer to read. [mutagenic meat]
 11096 | Lair:1   | Entered Level 1 of the Lair of Beasts
 11453 | Lair:1   | Noticed Nergalle
 11462 | Lair:1   | Killed Nergalle
 11529 | Lair:1   | You fall through a shaft!
 11741 | Lair:1   | Reached skill level 5 in Evocations
 11761 | Lair:1   | Learned a level 2 spell: Repel Missiles
 11765 | Lair:1   | Learned a level 3 spell: Mephitic Cloud
 11819 | Lair:1   | Noticed a spiny frog
 11823 | Lair:1   | Noticed a spiny frog
 11838 | Lair:1   | Killed a spiny frog
 11842 | Lair:1   | Slain by a spiny frog

Vault maps used:
D:1:      minmay_arrival_up_and_down
D:2:      first_bread, nicolae_ashenzari_panopticon
D:3:      uniq_terence, uniq_grinder
D:4:      chequers_big_river, uniq_edmund
D:5:      minitemple, trog_three_pillars_becter
D:6:      serial_shops, shop_statue,
          nicolae_shop_temple_entry_statues_fountains, kennysheep_little_box,
          shop_statue, uniq_menkaure
D:7:      nicolae_overflow_hidden_temple, serial_shops, shop, grunt_ogre_cave
D:8:      lair_0_dummy, roderic_serpentine_path, kennysheep_generic_room_6,
          uniq_psyche
Temple:   dshaligram_water_room_temple
Lair:1:   beast_lair_carwin_4, serial_bayou_shore_b, uniq_erica, uniq_nergalle
Lair:2:   minmay_snake_entry_guardpost_medium, portal_ice_cave_entry_imps,
          uniq_sonja

Skill      XL: |  1  2  3  4  5  6  7  8  9 10 |
---------------+-------------------------------+-----
Spellcasting   | 4 6 7 8 9 11 | 11.8
Conjurations   | 2 3 4 5 6 |  6.9
Fire Magic     | 4 5 6 7 |  7.3
Short Blades   | 1 2 3 4 |  4.0
Evocations     | 1 2 4 5 |  5.1
Armour         | 1 3 |  3.7
Dodging        | 4 5 |  5.9
Fighting       | 1 3 |  3.8
Air Magic      | 2 3 |  3.8
Stealth        | |  2.4
Poison Magic   | |  0.4

Action                   |  1- 3 |  4- 6 |  7- 9 | 10-12 || total
-------------------------+-------+-------+-------+-------++-------
Melee: Dagger            |    14 |     6 |    47 |       ||    67
       Headbutt          |       |       |     8 |       ||     8
       Short sword       |       |       |       |     4 ||     4
 Cast: Flame Tongue      |    57 |    57 |   188 |    59 ||   361
       Throw Flame       |     8 |    20 |    52 |     6 ||    86
       Sticky Flame      |       |     4 |    33 |    16 ||    53
       Conjure Flame     |       |     2 |     3 |     1 ||     6
       Inner Flame       |       |     1 |     1 |       ||     2
       Fireball          |       |       |     2 |     1 ||     3
  Use: Potion            |     1 |     1 |       |     1 ||     3
       Scroll            |       |     7 |     8 |     3 ||    18
 Stab: Sleeping          |     3 |     1 |     4 |     2 ||    10
  Eat: Chunk             |     5 |       |    13 |    10 ||    28
       Meat ration       |       |     1 |     1 |       ||     2
       Fruit             |       |       |     1 |       ||     1
       Beef jerky        |       |       |       |     1 ||     1
Armor: Robe              |     8 |     6 |    22 |       ||    36
       Leather armour    |       |       |     2 |     9 ||    11
Dodge: Dodged            |    28 |    28 |   110 |    29 ||   195
